cohdb
Replays
Latest Replays
All Replays
Popular Replays
Top Player Replays
Match Explorer
How It Works
Community
CoH3 Stats
Reddit
Sign in to upload your games and track your stats! →
Sign in with Steam
Match 21362484
Unlisted
Match 21362484
Overview
Messages
Build Orders
End
Construct Barracks
Selects Special Operations Battlegroup
Selects M29 Weasel Recon Vehicle
M29 Weasel Recon Vehicle
Riflemen Squad
Riflemen Squad
Grenade Package
Infantry Support Center
Construct Medical Station
Riflemen Squad
M1918 Browning Automatic Rifles
Construct Motor Pool
Construct Tank Depot
Selects Raiding Flares
Selects SSF Commando Squad
SSF Commando Squad
M4(105) Sherman Bulldozer
Construct Weapon Support Center
M3 Armored Personnel Carrier
Jesulin
silentbreacher
war
Dima
V.a.lacky
我小叮当今晚要搞事!
0
0
Comments
sign in to comment!
No comments posted yet!